 Dungeon Crawl Stone Soup version 0.26-a0-835-g8259106e14 (webtiles) character file.

Game seed: 12818917172130631036

167 Ijustatesigmund the Chopper (level 5, -7/48 HPs)
             Began as a Hill Orc Fighter on Nov 17, 2020.
             Killed from afar by a goblin (15 damage)
             ... with a bolt of acid
             ... on level 3 of the Dungeon.
             The game lasted 00:04:05 (2123 turns).

Ijustatesigmund the Chopper (Hill Orc Fighter)      Turns: 2123, Time: 00:04:06

Health: -7/48      AC:  2    Str: 19    XL:     5   Next: 48%
Magic:  5/5        EV:  7    Int:  9    God:
Gold:   120        SH:  9    Dex: 10    Spells: 4/4 levels left

rFire    . . .     SeeInvis .   a - +2 war axe
rCold    . . .     Faith    .   c - +0 kite shield
rNeg     . . .     Spirit   .   b - +0 scale mail
rPois    .         Reflect  .   (no helmet)
rElec    .         Harm     .   (no cloak)
rCorr    .         Rampage  .   (no gloves)
MR       .....                  (no boots)
Stlth    +.........             (no amulet)
HPRegen  0.16/turn              (no ring)
MPRegen  0.09/turn              k - ring of stealth

@: corroded
A: no striking features
a: no special abilities


You were on level 3 of the Dungeon.
You visited 1 branch of the dungeon, and saw 4 of its levels.

You collected 120 gold pieces.

Inventory:

Hand Weapons
 a - a +2 war axe (weapon)
 i - a +2 vorpal flail
Armour
 b - a +0 scale mail (worn)
 c - a +0 kite shield (worn)
Jewellery
 g - an uncursed ring of ice
 k - a ring of stealth (right hand)
Scrolls
 e - a scroll of teleportation
 j - a scroll of immolation
 l - a scroll of magic mapping
 m - a scroll of amnesia
Potions
 d - 3 potions of might
 f - a potion of heal wounds
 h - a potion of magic


   Skills:
 + Level 5.0 Fighting
 + Level 5.5 Axes
 - Level 3.2 Armour
 + Level 1.3 Dodging
 - Level 3.2 Shields


You had 4 spell levels left.
You didn't know any spells.
Your spell library was empty.

Dungeon Overview and Level Annotations

Branches:
Dungeon (4/15)
 Temple: D:4-7

Altars:
Dithmenos
Kikubaaqudgha


Message History

You now have 120 gold pieces (gained 17).
n - a scroll labelled LOFFAPL BUP TIUK
As you read the scroll labelled LOFFAPL BUP TIUK, it crumbles to dust.
You hear a loud clanging noise!
It was a scroll of noise.
You hear a shout!
You hear an angry hiss.
You hear a shout! x4
Unknown command.
A goblin comes into view. It is carrying a wand of acid (12).
The goblin zaps a wand.
The bolt of acid hits you!! The acid corrodes you!
You are splashed with acid!
Found a potion of berserk rage and 8 gold pieces.
You are too injured to fight recklessly!
You are too injured to fight recklessly!
You are too injured to fight recklessly!
You are too injured to fight recklessly!
You feel much better.
The goblin throws a stone.
The stone barely misses you.
The goblin zaps a wand.
The bolt of acid hits you!!
You are splashed with acid!
* * * LOW HITPOINT WARNING * * *
The goblin zaps a wand.
The bolt of acid hits you!
You die...

#+#
######.#####
#..........#
#..........#
#..........#
#.....<....#
#..........#
#.....@(...#
#..........#
#..........##
#...........#
#...........#
#########g..#
#...#
#.......!
.....####


You could see a goblin.

Vanquished Creatures
  An iguana (D:4)
  A worker ant (D:4)
  3 gnolls (D:3)
  3 worms (D:2)
  3 dart slugs
  6 leopard geckos
  3 orcs
  3 ball pythons
  7 bats
  4 giant cockroaches (D:1)
  8 goblins
  7 hobgoblins
  6 frilled lizards
  4 kobolds
  10 rats
69 creatures vanquished.

Notes
Turn   | Place    | Note
-------+----------+-------------------------------------------
     0 | D:1      | Ijustatesigmund the Hill Orc Fighter began the quest for
                  | the Orb.
     0 | D:1      | Reached XP level 1. HP: 19/19 MP: 1/1
    36 | D:1      | Reached XP level 2. HP: 27/27 MP: 2/2
   301 | D:1      | Reached XP level 3. HP: 33/33 MP: 3/3
  1189 | D:2      | Found an ancient bone altar of Kikubaaqudgha.
  1205 | D:2      | Reached XP level 4. HP: 41/41 MP: 4/4
  1499 | D:2      | Reached skill level 5 in Axes
  1566 | D:2      | You fall into a shaft and drop 2 floors!
  1586 | D:4      | Reached skill level 1 in Dodging
  1586 | D:4      | Reached XP level 5. HP: 18/47 MP: 5/5
  1868 | D:3      | Reached skill level 5 in Fighting
  2003 | D:3      | Found a shadowy altar of Dithmenos.
  2123 | D:3      | Killed from afar by a goblin

Illustrated notes

Levels and vault maps discovered:
D:1:      ebering_trefoil_3fold, layout_basic, chequers_jeans, minmay_cupped
D:2:      layout_basic, lemuel_crystal_altar, hangedman_decor_points
D:3:      layout_basic, grunt_dithmenos_smoke_and_mirrors,
          nicolae_ru_awakened_eye, lemuel_crystal_altar, gammafunk_ghost_split
D:4:      layout_basic, minivault_14, minivault_4

Skill      XL: |  1  2  3  4  5 |
---------------+----------------+-----
Axes           | 3 4 5 |  5.5
Fighting       | 4 5 |  5.0
Dodging        | 1 |  1.3
Armour         | |  3.2
Shields        | |  3.2

Action                   |  1- 3 |  4- 6 || total
-------------------------+-------+-------++-------
Melee: War axe           |   107 |    58 ||   165
  Use: Scroll            |     5 |     4 ||     9
       Potion            |       |     4 ||     4
Armor: Scale mail        |    62 |    21 ||    83
Dodge: Dodged            |    45 |    14 ||    59
Block: Kite shield       |    77 |    23 ||   100

Table legend: (Time is in decaauts)
 A = Elapsed time spent in this place.
 B = Non-inter-level travel time spent in this place.
 C = Inter-level travel time spent in this place.
 D = Time resting spent in this place.
 E = Time spent auto-exploring this place.
 F = Levels seen in this place.
 G = Mean time per level.
                   A        B        C        D        E       F      G
               +--------+--------+--------+--------+--------+-----+--------+
         Total |   2186 |   2144 |     42 |    303 |   1412 |   4 |  546.5 |
       Dungeon |   2186 |   2144 |     42 |    303 |   1412 |   4 |  546.5 |
               +--------+--------+--------+--------+--------+-----+--------+

Top non-repeatable levels by time:
     D:1: 1102 daAuts
     D:2: 582 daAuts
     D:4: 276 daAuts
     D:3: 225 daAuts
